 Dungeon Crawl Stone Soup version 0.28.0 (webtiles) character file.

Game seed: 1725840191484991339

499 Jerry the Covered (level 6, -1/52 HPs)
             Began as a Demigod Fighter on Feb 8, 2022.
             Slain by a gnoll (5 damage)
             ... on level 5 of the Dungeon.
             The game lasted 00:10:20 (5255 turns).

Jerry the Covered (Demigod Fighter)                 Turns: 5255, Time: 00:10:21

Health: -1/52      AC:  7    Str: 25 (27) XL:     6   Next: 62%
Magic:  8/8        EV:  9    Int: 12 (14) God:
Gold:   291        SH:  4    Dex: 11 (13) Spells: 5/5 levels left

rFire   . . .      SeeInvis .   a - +0 war axe
rCold   . . .      Faith    .   c - +0 buckler
rNeg    . . .      Spirit   .   b - +0 scale mail
rPois   .          Reflect  .   (no helmet)
rElec   .          Harm     .   (no cloak)
rCorr   .          Rampage  .   (no gloves)
Will    .....                   (no boots)
Stlth   ..........              (no amulet)
HPRegen 0.17/turn               j - +6 ring of strength
MPRegen 0.11/turn               (no ring)

@: no status effects
A: high MP 1, forlorn, divine attributes
a: no special abilities


You were on level 5 of the Dungeon.
You visited 1 branch of the dungeon, and saw 5 of its levels.

You collected 291 gold pieces.

Inventory:

Hand Weapons
 a - a +0 war axe (weapon)
Armour
 b - a +0 scale mail (worn)
 c - a +0 buckler (worn)
Jewellery
 j - a +6 ring of strength (left hand)
 l - a ring of flight
Scrolls
 e - 5 scrolls of identify {unknown}
 h - a scroll of enchant armour {unknown}
 i - a scroll of noise {unknown}
 k - a scroll of silence {unknown}
 m - a scroll of teleportation {unknown}
 o - a scroll of amnesia {unknown}
 p - a scroll of magic mapping {unknown}
 q - a scroll of summoning {unknown}
Potions
 d - a potion of might
 g - 2 potions of degeneration
 n - a potion of attraction {unknown}


   Skills:
 + Level 4.2 Fighting
 + Level 3.7 Axes
 + Level 4.3 Armour
 + Level 4.2 Shields


You had 5 spell levels left.
You didn't know any spells.
Your spell library contained the following spells:

 Spells                   Type           Power      Damage    Failure   Level
 Blink                    Tloc           0%         N/A       83%         2
 Fireball                 Conj/Fire      0%         3d3       100%        5
 Manifold Assault         Tloc           0%         N/A       100%        5
 Starburst                Conj/Fire      0%         6d3       100%        6
 Storm Form               Tmut/Air       0%         N/A       100%        7
 Ignition                 Fire           0%         3d3       100%        8


Dungeon Overview and Level Annotations

Branches:
Dungeon (5/15)
 Temple: D:4-7


Innate Abilities, Weirdness & Mutations

You have an increased reservoir of magic. (+10% MP)
You shall have no god before yourself.
Your divine heritage dramatically boosts your attributes as you level up.


Message History

The gnoll hits you with a +0 whip!
You barely miss the gnoll. You block the gnoll's attack.
The gnoll hits you with a +0 whip. The gnoll hits you but does no damage.
You closely miss the gnoll. You block the gnoll's attack.
The gnoll barely misses you. The gnoll hits you but does no damage.
You barely miss the gnoll. You block the gnoll's attack.
The gnoll hits you with a +0 whip.
You hit the gnoll.
The gnoll is lightly wounded.
The gnoll closely misses you. The gnoll barely misses you. x2
You hit the gnoll.
The gnoll is moderately wounded.
The gnoll barely misses you. The gnoll closely misses you.
The gnoll hits you with a +0 whip.
You are too injured to fight recklessly!
You are too injured to fight recklessly!
You are too injured to fight recklessly!
You are too injured to fight recklessly!
You are too injured to fight recklessly!
You are too injured to fight recklessly!
You are too injured to fight recklessly!
You slash the gnoll!
You kill the gnoll!
The gnoll hits you from afar with a +0 spear.
The gnoll closely misses you.
You hit the gnoll.
The gnoll is lightly wounded.
The gnoll hits you with a +0 whip.
The gnoll hits you but does no damage. x2
You barely miss the gnoll.
The gnoll is lightly wounded.
The gnoll hits you from afar with a +0 spear.
* * * LOW HITPOINT WARNING * * *
The gnoll hits you with a +0 whip.
* * * LOW HITPOINT WARNING * * *
The gnoll closely misses you.
There is a stone staircase leading up here.
The gnoll hits you with a +0 whip.
* * * LOW HITPOINT WARNING * * *
The gnoll hits you from afar with a +0 spear.
You die...

#.#.#.........#####
....######g##......
#.....#..###.....
##....####....#
#....###.....##
#)##.....#.### .
#.#...##...#
...########.#........###
........@gg(...........##
...##...###.#...........#
#.........#..........##
#..###################
###


You could see 2 gnolls.

Vanquished Creatures
  A necrophage (D:5)
  A centaur (D:4)
  A scorpion (D:5)
  A bullfrog zombie (D:5)
  Jessica (D:3)
  An iguana (D:3)
  2 orc wizards (D:4)
  3 adders
  4 gnolls
  An ufetubus (D:4)
  An adder zombie (D:5)
  8 orcs
  3 ball pythons
  2 bats (D:3)
  3 endoplasms (D:2)
  2 giant cockroaches (D:2)
  4 goblins
  A hobgoblin (D:2)
  4 jackals (D:2)
  8 kobolds
  3 quokkas
  2 frilled lizards (D:2)
  8 rats
65 creatures vanquished.

Notes
Turn   | Place    | Note
-------+----------+-------------------------------------------
     0 | D:1      | Jerry the Demigod Fighter began the quest for the Orb.
     0 | D:1      | Reached XP level 1. HP: 18/18 MP: 3/3
   814 | D:1      | Reached XP level 2. HP: 25/25 MP: 4/4
  1213 | D:2      | You fall into a shaft and drop 2 floors!
  1250 | D:3      | Noticed Jessica
  1254 | D:3      | Killed Jessica
  1255 | D:3      | Reached XP level 3. HP: 26/31 MP: 5/5
  2357 | D:2      | Reached XP level 4. HP: 38/38 MP: 6/6
  2941 | D:4      | Noticed a centaur
  2952 | D:4      | Killed a centaur
  2953 | D:4      | Reached XP level 5. HP: 4/45 MP: 7/7
  3907 | D:4      | Noticed an orc warrior
  4644 | D:4      | Noticed an ogre
  4747 | D:5      | Entered Level 5 of the Dungeon
  4762 | D:5      | Reached XP level 6. HP: 52/52 MP: 8/8
  5255 | D:5      | Slain by a gnoll

Illustrated notes

Levels and vault maps discovered:
D:1:      heliophobic_arrival_ceremonial_halls, layout_basic,
          minmay_rat_gold_closets
D:2:      layout_basic
D:3:      layout_loops_ring, nicolae_ru_the_path_less_chosen,
          grunt_decor_junction, uniq_jessica
D:4:      layout_layer_cave
D:5:      layout_rooms, fedhas_altar_fruit_tree,
          chequers_temple_overflow_minitemple

Skill      XL: |  1  2  3  4  5  6 |
---------------+-------------------+-----
Axes           | 2 3 |  3.7
Fighting       | 3 4 |  4.2
Armour         | 3 4 |  4.3
Shields        | 3 4 |  4.2

Action                   |  1- 3 |  4- 6 || total
-------------------------+-------+-------++-------
Melee: War axe           |    72 |   132 ||   204
  Use: Potion            |       |     2 ||     2
Armor: Scale mail        |    34 |    88 ||   122
Dodge: Dodged            |    31 |    81 ||   112
Block: Buckler           |    10 |    38 ||    48
